Map: Thunderbird LE

Players

Vincsis - Winner!

  • Race: Protoss Protoss
  • League: Master
  • Spawn Location: 5:00

Mez

  • Race: Terran Terran
  • League: Master
  • Spawn Location: 11:00

VOD

Have the link to the VOD?

Description

Time

  • Played on: Aug. 13, 2019, 12:25 p.m.
  • Length: 23:13
Show
View Real Time Build Order
Export as new Build Order

Vincsis Protoss - Winner!

Build Orders: 1 Gate Expand, Phoenix Opening, Blink Stalkers 

Get SALT Encoding   

  12  0:00  Probe  
  13  0:12  Probe  
  14  0:17  Pylon  
  14  0:23  Probe  
  15  0:32  Probe  
  15  0:38  Gateway  
  15  0:40  Probe  
  16  0:48  Assimilator  
  17  0:51  Probe  
  18  1:03  Probe  
  19  1:15  Probe  
  20  1:25  Cybernetics Core  
  20  1:34  Nexus  
  20  1:41  Pylon  
  20  1:51  Probe  
  20  1:52  Assimilator  
  21  1:54  Adept  
  21  2:03  Probe  
  21  2:05  Warp Gate  
  24  2:15  Probe  
  24  2:17  Sentry  
  25  2:28  Probe  
  27  2:40  Probe  
  27  2:41  Stalker  
  30  2:51  Probe  
  30  2:52  Probe  
  32  3:02  Probe, Phoenix  
  32  3:03  Probe  
  34  3:10  Stalker, Probe  
  34  3:11  Probe, Twilight Council  
  36  3:18  Probe  
  38  3:22  Probe  
  40  3:27  Blink  
  40  3:30  Probe  
  39  3:34  Probe  
  40  3:41  Pylon  
  40  3:42  Probe  
  40  3:45  Gateway  
  40  3:46  Probe  
  40  3:47  Robotics Facility  
  42  3:54  Probe  
  43  3:58  Assimilator, Probe  
  43  4:00  Assimilator  
  44  4:03  Forge  
  44  4:06  Probe  
  45  4:11  Probe  
  45  4:16  Stalker  
  48  4:18  Probe  
  48  4:23  Probe  
  50  4:25  Gateway  
  50  4:26  Gateway  
  50  4:30  Probe, Gateway  
  51  4:35  Probe  
  52  4:40  Stalker  
  52  4:44  Warp Prism  
  51  4:53  Probe  
  54  5:05  Protoss Ground Weapons Level 1, Pylon  
  54  5:09  Gateway  
  54  5:10  Gateway  
  54  5:15  Pylon  
  54  5:17  Pylon  
  54  5:18  Charge  
  54  5:22  Pylon  
  54  5:23  Observer  
  54  5:24  Pylon  
  55  5:31  Nexus  
  55  5:33  Stalker  
  56  5:37  Stalker  
  58  5:52  Stalker x2  
  62  5:58  Probe  
  62  5:59  Stalker  
  62  6:00  Stalker  
  67  6:06  Probe  
  68  6:16  Probe  
  69  6:20  Stalker x4  
  77  6:29  Observer  
  77  6:32  Stalker x2  
  73  6:49  Stalker x2  
  73  6:50  Stalker x2  
  76  7:10  Protoss Ground Armor Level 1  
  76  7:14  Stalker x6  
  80  7:17  Probe  
  80  7:18  Probe x2  
  83  7:24  Forge  
  79  7:41  Probe  
  79  7:43  Probe  
  75  7:47  Probe  
  75  7:50  Probe  
  75  7:51  Probe  
  78  7:55  Robotics Bay  
  80  7:59  Probe  
  80  8:01  Zealot x6  
  93  8:20  Probe  
  93  8:21  Zealot x6  
  106  8:29  Pylon  
  106  8:31  Pylon  
  106  8:33  Pylon  
  106  8:38  Templar Archives  
  106  8:47  Immortal  
  108  8:58  Stalker x6  
  108  9:00  Protoss Ground Weapons Level 2  
  120  9:08  Psionic Storm  
  120  9:12  Probe x3  
  120  9:13  Pylon  
  123  9:19  Pylon  
  123  9:26  High Templar x2  
  123  9:27  Zealot x3  
  133  9:33  Gateway  
  133  9:34  Gateway  
  133  9:37  Pylon  
  133  9:38  Archon  
  133  9:47  High Templar x2  
  133  9:48  High Templar  
  133  9:51  Colossus  
  139  9:53  Stalker  
  147  10:12  Extended Thermal Lance  
  147  10:18  Zealot x3  
  153  10:38  Zealot x2  
  157  10:46  Pylon x2  
  157  10:49  Pylon  
  151  10:55  Pylon  
  137  11:01  Protoss Ground Armor Level 2  
  83  11:19  Colossus  
  89  11:26  Sentry  
  89  11:27  Zealot x7  
  105  11:37  Assimilator x2  
  105  11:47  Sentry  
  105  11:48  High Templar x2, Robotics Facility  
  105  11:49  Stalker x2, Nexus  
  105  11:50  Zealot, Pylon, Gateway  
  105  11:51  Zealot x2  
  105  11:52  Gateway  
  119  12:08  Pylon  
  119  12:10  Probe  
  119  12:11  Photon Cannon, Probe, Shield Battery  
  119  12:12  Probe, Warp Prism  
  119  12:14  Protoss Ground Weapons Level 3  
  124  12:18  Zealot x5  
  134  12:23  Probe x2  
  136  12:32  Stalker x2  
  138  12:38  Stalker  
  138  12:39  Stalker  
  140  12:48  Colossus  
  145  12:54  High Templar x2  
  137  13:19  Disruptor  
  140  13:24  Probe  
  141  13:31  Probe x2  
  141  13:33  Assimilator  
  141  13:34  Assimilator  
  143  13:38  Probe  
  144  13:42  Disruptor  
  144  13:43  Stalker x6, Nexus  
  144  13:44  Zealot x4  
  167  14:19  Zealot x9  
  167  14:20  Zealot  
  181  14:36  Warp Prism  
  147  14:53  Zealot x8  
  147  14:54  Zealot x2  
  167  15:01  Dark Shrine  
  167  15:02  Probe  
  168  15:08  Pylon  
  168  15:10  Stargate  
  168  15:11  Stargate  
  149  15:32  Stalker  
  149  15:33  Stalker x9  
  149  15:56  Zealot x6  
  149  15:57  Zealot x4  
  137  15:58  Archon  
  132  16:08  Protoss Ground Armor Level 3  
  106  16:18  Stalker x7  
  102  16:19  Stalker, Protoss Shields Level 1  
  92  16:38  Zealot x2  
  88  16:43  Assimilator  
  88  16:44  Assimilator  
  88  16:57  High Templar x3  
  88  16:59  Sentry  
  88  17:00  Sentry  
  98  17:01  Zealot x5  
  98  17:02  Colossus  
  98  17:04  Colossus  
  120  17:09  Probe x2  
  122  17:31  Zealot x7  
  122  17:32  Stalker x3  
  122  17:35  Shadow Stride  
  142  17:50  Colossus  
  142  17:52  Fleet Beacon  
  142  17:58  Colossus, Pylon  
  152  18:35  Oracle  
  152  18:37  Tempest  
  152  18:40  Stargate  
  160  18:42  Warp Prism  
  160  18:51  Nexus, Pylon  
  160  18:52  Disruptor  
  163  19:01  Dark Templar x4  
  171  19:03  Zealot x6  
  183  19:18  Disruptor  
  186  19:30  Tempest  
  191  19:33  Pylon  
  191  19:50  Tempest  
  176  20:23  Protoss Air Weapons Level 1  
  173  20:36  Dark Templar  
  173  20:37  Dark Templar x4  
  173  20:38  Zealot x5  
  172  21:21  Stalker x4  
  172  21:22  Stalker x3  
  182  21:38  Tempest x2  
  134  22:13  Stalker x7  
  134  22:14  Stalker x2  
  122  22:34  Zealot  
  122  22:40  Zealot x9  
  131  22:57  Zealot  
  109  23:04  Zealot x9  
Show
View Real Time Build Order
Export as new Build Order

Mez Terran 

Build Orders: Reaper Expand 

Get SALT Encoding   

  12  0:00  SCV  
  13  0:12  SCV  
  14  0:17  Supply Depot  
  14  0:25  SCV  
  15  0:38  SCV  
  15  0:39  Barracks  
  16  0:44  Refinery  
  16  0:50  SCV  
  17  1:02  SCV  
  18  1:17  SCV  
  19  1:35  Reaper, Orbital Command  
  20  1:51  Command Center  
  20  2:02  Bunker  
  20  2:03  Supply Depot  
  20  2:05  SCV  
  21  2:08  Barracks Reactor  
  21  2:17  SCV  
  22  2:35  Command Center  
  22  2:36  SCV  
  23  2:44  Factory  
  23  2:50  SCV  
  24  2:51  Marine  
  24  2:52  Marine  
  26  3:06  SCV  
  27  3:13  Orbital Command  
  27  3:22  Marine x2  
  27  3:26  SCV  
  30  3:36  Widow Mine  
  30  3:37  Starport  
  30  3:38  Refinery  
  30  3:39  SCV x2  
  34  3:42  Marine x2  
  34  3:48  Orbital Command  
  36  3:51  SCV  
  36  3:53  SCV  
  38  3:58  Widow Mine  
  38  4:00  Marine x2  
  42  4:03  SCV  
  42  4:05  SCV  
  44  4:14  Refinery  
  44  4:15  SCV, Starport Tech Lab  
  44  4:16  Supply Depot  
  45  4:18  SCV x2  
  45  4:20  Marine  
  45  4:21  Factory Tech Lab  
  45  4:22  Marine  
  49  4:27  SCV  
  49  4:30  SCV x2  
  52  4:39  SCV  
  53  4:46  SCV x2  
  53  4:52  Marine x2  
  57  4:53  Siege Tank  
  57  4:57  Raven  
  57  4:58  SCV x2  
  64  5:01  Supply Depot  
  64  5:02  SCV, Barracks x2  
  65  5:10  SCV  
  65  5:11  SCV  
  67  5:15  Supply Depot  
  67  5:16  Supply Depot  
  67  5:20  SCV  
  68  5:22  SCV  
  68  5:25  Siege Tank  
  68  5:26  Marine x2  
  74  5:32  Engineering Bay  
  74  5:33  Engineering Bay  
  74  5:36  SCV x2  
  74  5:40  Refinery  
  76  5:44  SCV  
  76  5:47  Supply Depot  
  76  5:48  SCV  
  78  5:51  Starport Reactor, Barracks  
  78  5:53  Barracks  
  78  5:55  Marine x2  
  80  6:02  Combat Shield, Marauder  
  80  6:03  Marauder  
  84  6:04  SCV x2  
  84  6:06  Factory Reactor  
  86  6:17  Marine x2  
  88  6:24  Marauder x2  
  92  6:27  Bunker  
  92  6:28  Supply Depot  
  92  6:29  Supply Depot  
  90  6:42  Command Center  
  90  6:45  Marine  
  81  6:58  Marine x3, Marauder x2  
  81  6:59  Medivac x2  
  89  7:19  SCV x2  
  92  7:23  Factory Tech Lab  
  92  7:26  Barracks Tech Lab  
  92  7:29  Barracks Tech Lab x2  
  92  7:30  Supply Depot  
  92  7:33  SCV x2  
  94  7:44  Barracks Tech Lab  
  94  7:45  SCV x2  
  94  7:47  Siege Tank  
  97  7:53  Marauder  
  97  7:54  Marine  
  97  7:55  Stimpack  
  97  7:56  Barracks Tech Lab  
  100  7:59  Marauder  
  100  8:01  Marine  
  103  8:12  Marine  
  102  8:18  Medivac x2  
  104  8:21  Siege Tank  
  104  8:26  Marine x2, Marauder x2  
  113  8:28  Barracks  
  113  8:29  Starport  
  113  8:30  Barracks, Ghost Academy  
  113  8:35  Terran Infantry Armor Level 1, Terran Infantry Weapons Level 1  
  113  8:36  Engineering Bay  
  113  8:40  Supply Depot  
  113  8:42  Supply Depot  
  113  8:43  Supply Depot  
  113  8:48  Missile Turret  
  113  9:00  Orbital Command  
  113  9:01  Marine x2, Marauder  
  113  9:02  Bunker  
  117  9:03  SCV x2  
  117  9:04  Marauder x3  
  125  9:13  Starport Reactor  
  125  9:16  SCV x2  
  127  9:17  Medivac x2  
  127  9:19  Marine  
  127  9:22  Armory  
  132  9:31  Refinery  
  132  9:32  Refinery  
  132  9:42  Barracks Reactor  
  132  9:43  Barracks Tech Lab  
  132  9:46  Marine  
  133  9:53  Command Center  
  133  10:09  Missile Turret  
  133  10:14  Supply Depot x2  
  133  10:15  Supply Depot x2  
  133  10:17  Supply Depot  
  133  10:18  Liberator  
  133  10:35  Marine x4  
  133  10:36  Ghost, SCV x3, Marauder x4  
  153  10:48  SCV x2  
  151  10:53  Marine  
  151  10:55  Marine x2  
  151  10:57  Ghost x2, Marauder  
  138  10:58  Marauder  
  124  11:05  Liberator  
  124  11:06  Liberator x3  
  124  11:11  Marine x2, Marauder  
  118  11:13  Marine x2  
  122  11:19  Marauder x2  
  138  11:31  Marine x2, Marauder  
  138  11:32  Marauder x2  
  146  11:35  Supply Depot  
  146  11:38  Supply Depot x2  
  146  11:44  SCV x3  
  149  11:55  Missile Turret x2  
  149  11:56  SCV x3  
  149  11:57  Missile Turret  
  149  11:59  Missile Turret  
  149  12:00  Missile Turret  
  149  12:01  Ghost  
  152  12:08  SCV x3  
  157  12:23  Planetary Fortress  
  157  12:29  Viking x2  
  158  12:30  Viking x2  
  162  12:41  Marauder x4, Starport  
  164  12:51  Sensor Tower  
  164  12:55  Supply Depot x3  
  164  13:01  Viking x3  
  164  13:02  Viking  
  164  13:17  Marine x3, Marauder x2  
  164  13:18  Marine, Marauder x2  
  176  13:20  SCV x3  
  179  13:36  Viking x2  
  179  13:37  Viking x2  
  179  13:38  Marine x3, Marauder  
  192  13:47  Ghost  
  192  13:48  Ghost x3  
  200  13:55  Barracks  
  198  14:17  Missile Turret  
  198  14:21  Missile Turret x2  
  198  14:22  Missile Turret  
  194  14:36  Liberator x4  
  166  14:52  Marine x2, Marauder x4  
  164  14:55  Starport Tech Lab  
  164  14:57  Terran Infantry Armor Level 2, Terran Infantry Weapons Level 2  
  176  15:01  Fusion Core, Liberator  
  176  15:08  Barracks Tech Lab  
  176  15:10  Ghost  
  176  15:11  Marine x3  
  176  15:12  Ghost  
  176  15:13  Ghost  
  185  15:17  Refinery  
  185  15:18  Refinery  
  184  15:24  Command Center  
  141  15:37  Viking x4  
  141  15:42  Marine, Marauder x4  
  135  16:01  Viking  
  127  16:07  Viking  
  127  16:08  Liberator  
  127  16:09  Liberator x2  
  127  16:11  Marine, Marauder  
  102  16:44  Missile Turret, Marauder x4  
  102  16:45  Missile Turret  
  110  16:56  Marine x3, Marauder x2  
  117  17:22  Planetary Fortress  
  117  17:24  Sensor Tower  
  117  17:28  Ghost x2  
  117  17:29  Marine x5, Marauder x3  
  132  17:47  Marine  
  133  18:02  Viking x2  
  133  18:03  Viking x3  
  143  18:19  Ghost x3  
  143  18:20  Marine  
  143  18:21  Marine x3, Marauder x3  
  143  18:23  Command Center  
  159  18:32  Viking  
  161  18:34  Orbital Command  
  161  18:38  Marine x2  
  162  18:44  Liberator  
  162  18:55  Sensor Tower  
  162  19:00  Viking x3  
  162  19:02  Advanced Ballistics  
  171  19:05  SCV  
  171  19:06  SCV x2  
  171  19:07  Refinery  
  171  19:09  Refinery  
  174  19:17  SCV  
  175  19:32  Missile Turret  
  175  19:50  Terran Infantry Armor Level 3, Terran Infantry Weapons Level 3  
  175  19:51  Personal Cloaking  
  175  19:58  Viking x3  
  175  19:59  Marine  
  181  20:00  Marine x2  
  181  20:39  Marine x5, Marauder x3  
  181  20:42  Ghost x2  
  196  20:54  Viking x2  
  167  21:45  Marine x3, Marauder x2  
  167  21:46  Marine x2, Marauder x3  
  150  22:03  Marine  
  150  22:04  Marauder  
  127  22:11  Marine x8  
  124  22:21  Marine  
  123  22:25  Marine  
  123  22:29  Marine x3  
  105  22:32  Marine  
  105  22:33  Marauder  
  108  22:43  Medivac x3  
Tags
 
Add a new tag
Caveats
  • Supply blocks, unpowered buildings, or Contaminate may cause inaccurate times.
  • Supply counts are checked every 10 seconds.